[Event "*** Titled Tuesday 3|2 Blitz"]
[Site "Chess.com"]
[Date "2016.08.02"]
[Round "4"]
[White "FearlessKing64"]
[Black "ER404"]
[Result "1-0"]
[WhiteElo "2062"]
[BlackElo "2134"]
[TimeControl "180+2"]
[EndTime "11:50:46 PDT"]
[Termination "FearlessKing64 won by checkmate"]

1. e4 e5 2. Nf3 d6 3. d4 exd4 4. Nxd4 Nf6 5. Nc3 Be7 6. Bc4 O-O 7. O-O c6 8. a4 d5 9. exd5 cxd5 10. Bd3 Nc6 11. Nf5 Bxf5 12. Bxf5 d4 13. Ne2 Qd5 14. Bd3 Bd6 15. Ng3 Rfe8 16. Bd2 Ne5 17. Bg5 Nfg4 18. Be4 Qc5 19. h3 Nxf2 20. Rxf2 Nc4 21.
Bxh7+ Kf8 22. Rxf7+ Kxf7 23. Qh5+ Ke6 24. Bf5+ Kd5 25.
Qf3+ Ke5 26. Re1+ Ne3 27. Bxe3 dxe3 28. Rxe3+ Kf6 29. Bd7+ Kg5 30. Ne4+ Rxe4 31. Qxe4 Bf4 32. h4+ Kxh4 33. Qxf4+ Kh5 34. Kh2 Rh8 35. Rh3+ Kg6 36. Rxh8 a5 37. Rf8 b5 38. Qf5+ Qxf5 39. Bxf5+ Kh6 40.
Bd3 b4 41. Bb5 b3 42. c4 Kg5 43. c5 Kh6 44. Rf3 Kg6 45. c6 Kh6 46. c7 Kg6 47. c8=Q Kh6 48. Qg4 Kh7 49. Bd3+ Kh8 50. Rf8# 1-0

[Event "*** Titled Tuesday 3|2 Blitz"]
[Site "Chess.com"]
[Date "2016.08.02"]
[Round "4"]
[White "GMKrikor"]
[Black "dabee"]
[Result "1/2-1/2"]
[WhiteElo "2484"]
[BlackElo "2420"]
[TimeControl "180+2"]
[EndTime "11:50:47 PDT"]
[Termination "Game drawn by repetition"]

1. d4 d5 2. Bf4 c6 3. e3 Bf5 4. g4 Bg6 5. h4 h6 6. h5 Bh7 7. Bd3 Bxd3 8. Qxd3 Qb6 9. Nd2 Nf6 10. f3 e6 11. Ne2 c5 12. c4 Nc6 13. Kf1 Rd8 14.
Kg2 cxd4 15. exd4 Qa6 16. b3 Bb4 17. Rhc1 dxc4 18. Nxc4 O-O 19. a3 Bc5 20. Be3 b5 21. Nd2 Bxd4 22. Nxd4 Nxd4 23. Bxd4 e5 24. a4 Rxd4 25. Qe2 Qb7 26. axb5 Rfd8 27. Nc4 Rxg4+ 28. Kh3 Rg5 29. Rg1 Rxh5+ 30. Kg2 e4 31. fxe4 Rxb5 32. Rae1 Rxb3 33. Na5 Qb4 34. Nxb3 Qxb3 35. Rgf1 Qc3 36. Qf3 Rd2+ 37. Re2 Rd3 38. Qf5 Rg3+ 39. Kh2 Ng4+ 40.
Kh1 Rh3+ 41. Kg1 Qg3+ 42. Rg2 Qe3+ 43. Rff2 Nxf2 44. Qc8+ Kh7 45. Qf5+ Kg8 46. Qc8+ Kh7 47. Qf5+ Kg8 48. Qc8+ Kh7 49. Qf5+ 1/2-1/2

[Event "*** Titled Tuesday 3|2 Blitz"]
[Site "Chess.com"]
[Date "2016.08.02"]
[Round "4"]
[White "Schemato"]
[Black "Spas_Kozhuharov"]
[Result "1-0"]
[WhiteElo "2237"]
[BlackElo "2417"]
[TimeControl "180+2"]
[EndTime "11:50:51 PDT"]
[Termination "Schemato won by resignation"]

1. c4 Nf6 2. Nc3 g6 3. g3 c6 4. e4 d5 5. e5 Nfd7 6. d4 dxc4 7.
Bxc4 Nb6 8. Bb3 Bg7 9. Be3 O-O 10. Qd2 a5 11. a3 a4 12. Ba2 Na6 13. Nge2 Nc7 14. Bh6 Be6 15. Bxe6 Nxe6 16. Bxg7 Kxg7 17. Rd1 Nc4 18. Qc2 b5 19. O-O Qb6 20. Rd3 Rad8 21.
Rfd1 f6 22. exf6+ exf6 23. d5 Nc5 24. Rd4 Nb3 25. Re4 cxd5 26. Rxd5 Rxd5 27. Nxd5 Qc5 28. Nef4 Kg8 29. Qc3 Ne5 30. Nxf6+ Rxf6 31. Qxc5 Nxc5 32. Rxe5 Rc6 33. Kg2 Kf7 34. Nd5 Nd3 35. Re7+ Kf8 36. Rb7 Rc2 37. Rxb5 Rxf2+ 38. Kh3 Nxb2 39. Nb6 h5 40.
Rb4 Nd3 41. Rxa4 Ne5 42. Rf4+ Rxf4 43. gxf4 Nd3 44. Kg3 Ke7 45. Nd5+ Kd6 46. Ne3 Ke6 47.
a4 Nc5 48. a5 Kd6 49. Kh4 Ne6 50.
Ng2 Kc5 51. f5 gxf5 52. Kxh5 Kb5 53. Kg6 f4 54. Kf5 f3 55. Ne3 Ng7+ 56. Kg6 Kxa5 57. Kxg7 Kb4 58. h4 Kc3 59. Ng4 Kd3 60. Kg6 Ke4 61. Kg5 1-0

[Event "*** Titled Tuesday 3|2 Blitz"]
[Site "Chess.com"]
[Date "2016.08.02"]
[Round "4"]
[White "BillieKimbah"]
[Black "bugsbunny444"]
[Result "1-0"]
[WhiteElo "2497"]
[BlackElo "2310"]
[TimeControl "180+2"]
[EndTime "11:50:55 PDT"]
[Termination "BillieKimbah won on time"]

1. d4 e6 2. Nf3 d5 3. Bf4 Nf6 4. e3 c5 5. c3 Nc6 6. Nbd2 Bd6 7. Bg3 O-O 8. Bb5 Qe7 9. Bxc6 bxc6 10. Qa4 Bd7 11.
Bxd6 Qxd6 12. Qa3 Rfb8 13. Nb3 Ne4 14. Nxc5 Nxc5 15. dxc5 Qc7 16. O-O Rb5 17. b4 a5 18.
Nd4 Rbb8 19. Qb2 e5 20. Nf3 Bg4 21. Nd2 Qe7 22. h3 Be2 23. Rfe1 Bd3 24. Nf3 Be4 25. Nd2 Bd3 26. Qc1 e4 27. a3 a4 28. c4 Rd8 29.
Qc3 Qg5 30. Rac1 Rd7 31. b5 cxb5 32. cxb5 Bxb5 33. Qb4 Bd3 34. c6 Rc7 35. Qd6 Rac8 36. Rc5 Qd8 37. Qxd5 Qxd5 38. Rxd5 Rxc6 39. Rd4 f5 40.
Rxa4 Rc2 41. Nb3 Ra2 42. Nd4 g6 43. g4 fxg4 44. hxg4 Rc3 45. Ra8+ Kf7 46. Ra7+ Kf6 47. a4 Rc4 48. Kg2 Rcxa4 49. Rxh7 1-0

[Event "*** Titled Tuesday 3|2 Blitz"]
[Site "Chess.com"]
[Date "2016.08.02"]
[Round "4"]
[White "Proteuo"]
[Black "Makalexa"]
[Result "0-1"]
[WhiteElo "2300"]
[BlackElo "2147"]
[TimeControl "180+2"]
[EndTime "11:51:02 PDT"]
[Termination "Makalexa won by resignation"]

1. e4 e5 2. Nf3 Nc6 3. Bb5 Nd4 4.
Nxd4 exd4 5. Be2 Qh4 6. d3 Bc5 7. Nd2 d6 8. Nf3 Qf6 9. Bg5 Qg6 10. O-O Nf6 11. Qd2 h6 12. Bf4 Bg4 13. Kh1 Qh5 14. h3 O-O-O 15. Kg1 Bxf3 16. Bxf3 Qh4 17. Kh2 Nd7 18. Bg3 Qg5 19. Bf4 Qf6 20. Bg3 Ne5 21.
Bd1 g5 22. b4 Bb6 23. a4 c6 24. f4 gxf4 25. Rxf4 Qg6 26. Qf2 Bc7 27. Rf6 Qg5 28. Rf5 Qg6 29. Bh5 Qe6 30. Bxe5 dxe5 31.
Bg4 Qe8 32. Rxe5+ Kb8 33. Kh1 Qxe5 34. Qg1 h5 35. Bf5 Rhg8 36. Rf1 Rg3 37. Rf2 Rdg8 38.
a5 Rf3 39. Rxf3 Qb5 40. Qe1 h4 41. Bg4 Bg3 42. Qd2 a6 43. Rxf7 Ka7 44. Rf1 Rg5 45.
Rf5 Rxf5 46. exf5 Bd6 47. f6 Qe5 48. g3 Qxf6 49. Kg2 Bxg3 50. Qe2 Qd6 51. c3 dxc3 52. Qe3+ Kb8 53. Qe8+ Ka7 54. Qe3+ Ka8 55. Qe8+ Qb8 56. Qxb8+ Kxb8 57. d4 c2 0-1

[Event "*** Titled Tuesday 3|2 Blitz"]
[Site "Chess.com"]
[Date "2016.08.02"]
[Round "4"]
[White "stepanosinovsky"]
[Black "Hieronymus00"]
[Result "0-1"]
[WhiteElo "2194"]
[BlackElo "2138"]
[TimeControl "180+2"]
[EndTime "11:51:14 PDT"]
[Termination "Hieronymus00 won by resignation"]

1. e4 e5 2. Nf3 Nc6 3. Bb5 a6 4. Ba4 Nf6 5. O-O Bc5 6. Nxe5 Nxe5 7. d4 b5 8. dxe5 Nxe4 9. Bb3 Bb7 10. Qg4 O-O 11.
Bh6 g6 12. Nc3 Nxc3 13. Bxf8 Qxf8 14. bxc3 Qe7 15. Rad1 Qxe5 16. Rxd7 Rf8 17. Rfd1 Bc8 18. Rxf7 Bxg4 19. Rf5+ Kg7 20. Rxe5 Bxf2+ 21. Kh1 Bxd1 22.
Re7+ Kh6 23. Rxc7 Bg3 24. hxg3 Rf2 25. Kh2 Bxc2 26. Rc6 Be4 27. Rxa6 Rxg2+ 28. Kh3 Rd2 29. Re6 Bf5+ 30. g4 Bxe6 31. Bxe6 Rd3+ 32. Kh4 Rxc3 33. g5+ Kg7 34. Kg4 h5+ 35. gxh6+ Kxh6 36. Kf4 Kh5 37. Bf7 Rc1 38. Ke3 Re1+ 39. Kd4 Rf1 40. Be8 b4 41. Kc5 Rf4 42. Bb5 g5 43. Bc4 Kh4 44.
Kxb4 g4 45. a4 g3 46. a5 g2 47. Kb5 Rxc4 48. Kxc4 g1=Q 49. Kb5 Qa7 0-1

[Event "*** Titled Tuesday 3|2 Blitz"]
[Site "Chess.com"]
[Date "2016.08.02"]
[Round "4"]
[White "Alexander_Moskalenko"]
[Black "petrpalachev"]
[Result "1/2-1/2"]
[WhiteElo "2616"]
[BlackElo "2433"]
[TimeControl "180+2"]
[EndTime "11:51:21 PDT"]
[Termination "Game drawn by repetition"]

1. d4 Nf6 2. Bf4 d5 3. e3 c5 4. Nd2 Nc6 5. c3 Qb6 6. Qb3 c4 7. Qc2 g6 8. h3 Bg7 9. Qc1 O-O 10.
Ngf3 Bf5 11. g4 Bd7 12. Be2 Rac8 13. Ne5 Rfd8 14. g5 Ne8 15. Nxd7 Rxd7 16. h4 e5 17. Bg4 Re7 18. Bxe5 Nxe5 19. dxe5 Rd8 20. Nf3 Bxe5 21. Kf1 Ng7 22. Qc2 Qc6 23. Rd1 Bc7 24. h5 Nxh5 25.
Bxh5 gxh5 26. Rxh5 Qg6 27. Qxg6+ hxg6 28. Rh3 Kg7 29.
Ke2 Ree8 30. Rdh1 Rh8 31. a4 Rxh3 32. Rxh3 a6 33. Rh1 Rd6 34. Rd1 Rd8 35. Nd4 Kf8 36. Kf3 Ke7 37. Ne2 Be5 38. Kg2 Ke6 39. f4 Bg7 40.
Nd4+ Bxd4 41. Rxd4 b5 42. axb5 axb5 43. e4 Rd7 44.
Kf3 dxe4+ 45. Rxe4+ Kd6 46. Rd4+ Kc6 47. Rxd7 Kxd7 48.
Ke4 Ke6 49. f5+ gxf5+ 50. Kf4 Ke7 51. Kxf5 Ke8 52. Ke4 Kf8 53. Ke5 Kg7 54. Kf5 Kf8 55. Kf6 Ke8 56. Kf5 Kf8 57. Ke5 Kg7 58. Ke4 Kg6 59. Kf4 f6 60. gxf6 Kxf6 61. Ke4 Ke6 62. Kd4 Kd6 63. Ke4 Ke6 64. Kd4 Kd6 65. Ke4 Ke6 66.
Kd4 Kd6 67. Ke4 Ke6 68. Kd4 1/2-1/2

[Event "*** Titled Tuesday 3|2 Blitz"]
[Site "Chess.com"]
[Date "2016.08.02"]
[Round "4"]
[White "elefante33"]
[Black "Zlatan56"]
[Result "1-0"]
[WhiteElo "2469"]
[BlackElo "2571"]
[TimeControl "180+2"]
[EndTime "11:51:24 PDT"]
[Termination "elefante33 won on time"]

1. e4 g6 2. d4 Bg7 3. Nc3 a6 4.
Be3 b5 5. a4 b4 6. Nb1 Nf6 7.
f3 O-O 8. Bd3 d6 9. Ne2 Nbd7 10.
c3 c5 11. O-O Qc7 12. cxb4 cxb4 13. Nd2 Bb7 14. a5 Rfc8 15. Qb3 Rab8 16. Rfc1 Qd8 17. Bc4 e6 18. Qd3 d5 19. Bxa6 Rxc1+ 20. Rxc1 dxe4 21. fxe4 Bxa6 22. Qxa6 Ng4 23. Bf4 e5 24. dxe5 Ndxe5 25. Nf3 Nxf3+ 26. gxf3 Ne5 27. Kg2 Ra8 28. Qb7 Nd3 29. Rc7 Nxf4+ 30. Nxf4 Qd2+ 31. Kh3 Rf8 32. Ng2 Qf2 33. e5 Bxe5 34. Rc4 Qg1 35. f4 Qf1 36. Qe4 Bxb2 37. Rxb4 Bc3 38. Ra4 Qa6 39. Qc4 Qxc4 40. Rxc4 Bxa5 41. Kg4 f5+ 42. Kf3 Bb6 43. Rc6 Bg1 44.
h4 Rb8 45. h5 Rb3+ 46. Ke2 Rb2+ 47.
Kf1 Rb1+ 48. Ke2 Kf7 49. hxg6+ hxg6 50. Nh4 Rb2+ 51. Kf1 Bd4 52. Nxg6 Rf2+ 53. Ke1 Rh2 54. Ne5+ Ke7 55. Nf3 1-0

[Event "*** Titled Tuesday 3|2 Blitz"]
[Site "Chess.com"]
[Date "2016.08.02"]
[Round "4"]
[White "yian123"]
[Black "fireheart92"]
[Result "0-1"]
[WhiteElo "2333"]
[BlackElo "2307"]
[TimeControl "180+2"]
[EndTime "11:51:33 PDT"]
[Termination "fireheart92 won by resignation"]

1. e4 e5 2. Nf3 Nc6 3. Bb5 a6 4. Ba4 d6 5. c3 f5 6. exf5 Bxf5 7. O-O Bd3 8. Re1 Be7 9. Bc2 Bxc2 10. Qxc2 Nf6 11.
d3 O-O 12. Qb3+ d5 13. Bg5 Kh8 14. Nbd2 Qd6 15. Bh4 Nd7 16. Bg3 Nc5 17. Qc2 Qg6 18. Nxe5 Nxe5 19. Rxe5 Bd6 20. Re2 Nxd3 21. Nf3 Bxg3 22.
hxg3 Nc5 23. Qxg6 hxg6 24. Rd1 c6 25. Ne5 Kh7 26. Nd3 Nxd3 27. Rxd3 Rf7 28. Rde3 Rd8 29.
Re7 Rd7 30. Re8 g5 31. g4 Kg6 32. f3 c5 33. Rd2 Kf6 34. Kf2 Rfe7 35. Rf8+ Rf7 36.
Rc8 d4 37. cxd4 cxd4 38. Rc4 Ke5 39. Rc8 Rc7 40. Re8+ Rfe7 41. Rxe7+ Rxe7 42. Re2+ Kd6 43. Rxe7 Kxe7 44. Ke2 Kd6 45. Kd3 Kd5 46. g3 b5 47.
f4 a5 48. a3 a4 49. fxg5 Ke5 50. g6 Kd5 51. g5 Ke5 52. g4 Kd5 53. Kd2 Ke4 54. Ke2 d3+ 55. Kd2 Kd4 56. Kd1 Ke3 57. Ke1 d2+ 0-1

[Event "*** Titled Tuesday 3|2 Blitz"]
[Site "Chess.com"]
[Date "2016.08.02"]
[Round "4"]
[White "Kawhi_Leonard2"]
[Black "AdrianaNikolova"]
[Result "1-0"]
[WhiteElo "2088"]
[BlackElo "2259"]
[TimeControl "180+2"]
[EndTime "11:51:34 PDT"]
[Termination "Kawhi_Leonard2 won by resignation"]

1. e4 c5 2. Nf3 d6 3. d4 cxd4 4. Nxd4 Nf6 5. Nc3 a6 6. Be2 e5 7. Nb3 Be7 8. Be3 O-O 9. O-O Be6 10. Qd3 Nc6 11. a3 Ng4 12. Bxg4 Bxg4 13. Nd5 Bg5 14. Bb6 Qd7 15. f3 Be6 16. Rfd1 Rac8 17. Bf2 Bd8 18. c4 f5 19. Rac1 fxe4 20. Qxe4 Bf5 21. Qe2 Qf7 22.
Nb6 Bxb6 23. Bxb6 Qg6 24. Nd2 Rce8 25. Ne4 Re6 26. Rd2 Bxe4 27. Qxe4 Qxe4 28. fxe4 Rf4 29. Re1 Kf7 30. g3 Rg4 31. Kg2 Ke7 32. h3 Rgg6 33.
b4 h5 34. Red1 Rg5 35. c5 Nd4 36. cxd6+ Kxd6 37. Bxd4 exd4 38. Rxd4+ Kc6 39. Rc1+ Kb5 40. Rd5+ Rxd5 41. exd5 Re2+ 42. Kf3 Rd2 43. Rc7 b6 44. Ke4 Re2+ 45. Kf4 Rf2+ 46. Ke5 Re2+ 47. Kd6 g6 48. Rg7 Ka4 49. Rxg6 Kxa3 50. Kc7 b5 51. Rxa6+ Kxb4 52. d6 Kb3 53. d7 Rc2+ 54. Rc6 Rd2 55. Rd6 Rc2+ 56. Kb7 b4 57. d8=Q Ka2 58. Ra6+ Kb2 59.
Qd4+ Kb3 60. Rb6 Rc4 61. Qd5 1-0

[Event "*** Titled Tuesday 3|2 Blitz"]
[Site "Chess.com"]
[Date "2016.08.02"]
[Round "4"]
[White "MFBerna"]
[Black "saraswathii"]
[Result "1/2-1/2"]
[WhiteElo "2149"]
[BlackElo "2106"]
[TimeControl "180+2"]
[EndTime "11:52:14 PDT"]
[Termination "Game drawn - insufficient material"]

1. e4 c5 2. Nf3 e6 3. c3 Nf6 4. e5 Nd5 5. d4 cxd4 6. cxd4 d6 7. Nc3 Nxc3 8. bxc3 Nc6 9. Bb5 Bd7 10. exd6 Bxd6 11.
O-O O-O 12. Rb1 a6 13. Bd3 b5 14. a4 bxa4 15. c4 h6 16. Qe2 Nb4 17. Be4 Nc6 18.
Bc2 a3 19. Qd3 f5 20. Bxa3 Bxa3 21. Qxa3 Qf6 22. Qe3 Rfb8 23. c5 a5 24. Ba4 Rb4 25. Rxb4 axb4 26. Bb5 Ra3 27. Qf4 Qe7 28. h3 Be8 29.
Re1 Qf7 30. Qd6 Na7 31. Bxe8 Qxe8 32. d5 Nb5 33. Qxe6+ Qxe6 34. dxe6 Nc7 35. e7 Ne8 36. Nd4 g6 37. Rb1 Ra7 38. Rxb4 Rxe7 39. c6 Re4 40.
Rc4 Nc7 41. f3 Re1+ 42. Kf2 Rd1 43. Ne2 Kf7 44. Rd4 Rxd4 45. Nxd4 Ke7 46. Ke3 Kd6 47.
h4 Nd5+ 48. Kf2 Nb4 49. h5 gxh5 50. Nxf5+ Kxc6 51. Kg3 Nd3 52. Kh4 Nf4 53. g3 Ng2+ 54.
Kxh5 Kd5 55. Kxh6 Ke5 56. g4 Ne1 57. Nh4 Nd3 58. Kh5 Nf4+ 59. Kg5 Ne6+ 60. Kh5 Kf4 61. Ng6+ Kxf3 62. Ne5+ Kf4 63. Nd7 Ng7+ 64. Kh4 Nf5+ 65.
Kh3 Ne3 66. Nf6 Nxg4 67. Nxg4 1/2-1/2

[Event "*** Titled Tuesday 3|2 Blitz"]
[Site "Chess.com"]
[Date "2016.08.02"]
[Round "4"]
[White "Colombiano07"]
[Black "Cryptochess"]
[Result "1/2-1/2"]
[WhiteElo "2231"]
[BlackElo "2435"]
[TimeControl "180+2"]
[EndTime "11:52:18 PDT"]
[Termination "Game drawn by agreement"]

1. e4 d6 2. d4 Nf6 3. Nc3 g6 4. f4 Bg7 5. Nf3 c5 6. dxc5 Qa5 7. Bd3 Qxc5 8. Qe2 Bg4 9. Be3 Qa5 10. O-O O-O 11. a3 Nc6 12. h3 Bxf3 13. Qxf3 Nd7 14. b4 Qd8 15. Bd2 Rc8 16. Rab1 Nxb4 17. axb4 Bxc3 18. Be3 a6 19. e5 dxe5 20. Qxb7 exf4 21. Rxf4 e5 22. Rc4 Rxc4 23. Bxc4 Bd4 24. Bxd4 exd4 25. Bxa6 Ne5 26. Bd3 Qd6 27. Qe4 Rb8 28. b5 Qc5 29. Bf1 d3+ 30. Kh1 dxc2 31. Rc1 Rc8 32. b6 Qxb6 33. Qxe5 Qf2 34. Qb2 Qd2 35. Ba6 Rc3 36. Bb5 Rb3 37. Qxc2 Qxc2 38. Rxc2 Rxb5 39.
Rc7 h5 40. Kh2 h4 41. Rc4 g5 42. Rc6 Kg7 43. Ra6 Rf5 44. Kg1 Rf6 45. Ra5 Kg6 46.
Ra8 Re6 47. Ra4 Kf5 48. Ra5+ Re5 49. Ra4 Re4 50. Ra3 f6 51. Kf2 Rf4+ 52. Kg1 Rb4 53. Rf3+ Ke5 54. Re3+ Re4 55. Ra3 f5 56. Kf2 Rb4 57.
Re3+ Kd5 58. Rd3+ Rd4 59. Ra3 Rd2+ 60. Kg1 Ke4 61. Ra8 Kf4 62. Ra3 Re2 63. Rb3 g4 64. hxg4 fxg4 65. g3+ hxg3 66. Ra3 Re3 67. Ra8 Kf3 68.
Rf8+ Ke2 69. Kg2 Ke1 70. Rf4 Re2+ 71. Kxg3 Re3+ 72. Kxg4 Kd2 1/2-1/2

[Event "*** Titled Tuesday 3|2 Blitz"]
[Site "Chess.com"]
[Date "2016.08.02"]
[Round "4"]
[White "NTBT_DHS"]
[Black "Superfelix"]
[Result "1-0"]
[WhiteElo "2485"]
[BlackElo "2356"]
[TimeControl "180+2"]
[EndTime "11:52:46 PDT"]
[Termination "NTBT_DHS won by resignation"]

1. d4 Nf6 2. c4 g6 3. Nc3 Bg7 4. e4 d6 5. Nf3 O-O 6. Be2 Na6 7. O-O e5 8. Be3 Ng4 9. Bg5 Qe8 10. h3 f6 11. Bd2 Nh6 12. Rb1 c6 13. dxe5 dxe5 14. b4 Nc7 15. c5 Nf7 16. Be3 Be6 17. Nd2 Rd8 18. Qc1 f5 19. Nc4 f4 20. Bd2 f3 21. gxf3 Bxh3 22. Rd1 Qe7 23. Bf1 Bxf1 24. Kxf1 Ne6 25. Ne2 Qh4 26. Kg2 Qf6 27. Rb3 Nfg5 28. Ng1 Rxd2 29. Nxd2 Nf4+ 30. Kf1 Qe6 31. Qc4 Rd8 32.
Qxe6+ Ngxe6 33. Rbb1 Rd4 34. a3 Rd3 35. Nc4 Nd4 36.
Rxd3 Nxd3 37. Na5 b6 38. cxb6 axb6 39. Nc4 b5 40. Na5 Bf8 41. Ne2 Nxf3 42. Rd1 Nb2 43.
Rd7 c5 44. Nc6 Nc4 45. Nc3 cxb4 46. Nd5 Nfd2+ 47. Kg2 Nxe4 48. f3 Nb6 49. Nxb6 Nf6 50. Rb7 bxa3 51. Ra7 b4 52. Nc4 e4 53. f4 Nd5 54. Kg3 e3 55. Nd4 Bc5 56. Ra8+ Kf7 57.
Nb3 Be7 58. Ne5+ Ke6 59. Ra6+ Kf5 60. Kf3 Nxf4 61. Nf7 Ne6 62. Nh6+ Ke5 63. Ng4+ Kd5 64. Nxe3+ Ke5 65. Ra5+ Kd6 66. Nc4+ Kc6 67. Ra6+ Kd5 68. Nb6+ Ke5 69. Nd7+ Kf5 70. Ra5+ Nc5 71. Ndxc5 1-0

[Event "*** Titled Tuesday 3|2 Blitz"]
[Site "Chess.com"]
[Date "2016.08.02"]
[Round "4"]
[White "maciek_92"]
[Black "fastestmindalive"]
[Result "0-1"]
[WhiteElo "2592"]
[BlackElo "2403"]
[TimeControl "180+2"]
[EndTime "11:53:08 PDT"]
[Termination "fastestmindalive won on time"]

1. c4 d5 2. cxd5 Qxd5 3. Nc3 Qa5 4. g3 e5 5. Bg2 Nf6 6. d3 Nc6 7. Bd2 Qb6 8. Nf3 Bd6 9. O-O Qxb2 10. Qa4 Qb4 11. Qc2 Qg4 12. h3 Qd7 13. Bg5 O-O 14. Rab1 Be7 15. Rfc1 h6 16. Bxf6 Bxf6 17. Nd2 Nd4 18.
Qd1 c6 19. Nde4 Be7 20. Na4 Ne6 21. Nec5 Nxc5 22. Nxc5 Bxc5 23. Rxc5 Qe7 24. Qc2 f6 25. a4 Be6 26. a5 a6 27. Rc3 Rfd8 28. Qb2 Rd7 29. Qb6 Rc8 30. Rb4 Rcc7 31. h4 Qf7 32.
Rb2 g5 33. hxg5 hxg5 34. Qa7 Qf8 35. Kf1 Bd5 36. Bh3 Rh7 37. Bg2 Bxg2+ 38. Kxg2 Qc8 39. Kf3 Rhd7 40. Qc5 Qe8 41. Rb1 Qe6 42. Qa3 Qd5+ 43. e4 Qf7 44. Rh1 Kg7 45. Qc1 Kg8 46. Qf1 Qe6 47.
Qh3 Qxh3 48. Rxh3 Rd4 49. Kg4 Kg7 50. Kf5 Re7 51. Rh1 Ra4 52. Rc5 Ra3 53. Rd1 Ra2 54. f3 Rf2 55. Kg4 Kg6 56. Rb1 Rh7 57. Rb3 Rg2 58.
f4 gxf4 59. d4 Rxg3+ 60. Rxg3 fxg3 61. Kxg3 exd4 62. Rc4 Rd7 0-1

[Event "*** Titled Tuesday 3|2 Blitz"]
[Site "Chess.com"]
[Date "2016.08.02"]
[Round "4"]
[White "wnstop"]
[Black "TyIerDurden"]
[Result "0-1"]
[WhiteElo "2457"]
[BlackElo "2480"]
[TimeControl "180+2"]
[EndTime "11:53:44 PDT"]
[Termination "TyIerDurden won by resignation"]

1. e4 e6 2. d4 d5 3. Nd2 dxe4 4. Nxe4 Bd7 5. Nf3 Bc6 6. Bd3 Nd7 7. O-O Ngf6 8.
Ned2 Be7 9. Re1 O-O 10. Nc4 Bd5 11. Ne3 Be4 12. Bf1 c5 13. c3 cxd4 14. Nxd4 a6 15. Ng4 Nxg4 16. Rxe4 Ngf6 17. Re1 Rc8 18. Qf3 Qc7 19.
Bf4 Qb6 20. Rab1 Rfe8 21. Qh3 Bd6 22. Be3 Bc5 23. b4 Bf8 24. c4 Ne5 25. c5 Qd8 26. Rbd1 Nd5 27. Nf3 Nxf3+ 28. Qxf3 Qc7 29. Bd2 a5 30. a3 axb4 31. axb4 b6 32. Bb5 Red8 33. c6 Nxb4 34. Bf4 Rxd1 35. Rxd1 Qa7 36. c7 Nd5 37.
Bg3 Rxc7 38. Bxc7 Qxc7 39. h4 Qc2 40. Be8 Qc7 41. h5 h6 42. Ra1 Nf6 43. Bb5 Qe5 44.
Rb1 Qxh5 45. Qxh5 Nxh5 46. Be2 Nf4 47. Bf3 Bc5 48. Rd1 Kf8 49. Rd7 Ng6 50. Bh5 Ne5 51. Rb7 g6 52. Be2 h5 53. Kf1 h4 54. f4 Nc6 55.
Bb5 Nd4 56. Rb8+ Kg7 57. Be8 Nf5 58. Ke2 b5 59. Bxb5 Nd4+ 60. Kd3 Bd6 61. Rd8 Nxb5 62.
Kc4 Bc7 63. Rd7 Nd6+ 64. Kc5 Ne8 65. Rd4 Nf6 66. f5 h3 67. gxh3 gxf5 68. Kc6 Nd5 69. Kd7 Bb6 70. Rd1 Be3 71. Ke8 Kf6 72. Ra1 e5 73.
Ra6+ Bb6 74. Kd7 f4 75. Kc6 Ke6 76. Ra8 f3 77. Re8+ Kf5 78. Kxd5 f2 79. Rxe5+ Kf6 0-1

[Event "*** Titled Tuesday 3|2 Blitz"]
[Site "Chess.com"]
[Date "2016.08.02"]
[Round "4"]
[White "MaestroASK"]
[Black "Krutoy123"]
[Result "0-1"]
[WhiteElo "2473"]
[BlackElo "2428"]
[TimeControl "180+2"]
[EndTime "11:53:49 PDT"]
[Termination "Krutoy123 won by resignation"]

1. g3 d5 2. d3 Nf6 3. Bg2 e6 4. e4 dxe4 5. dxe4 Qxd1+ 6. Kxd1 e5 7. f3 c6 8. Bh3 Bxh3 9. Nxh3 Na6 10. Nd2 O-O-O 11. Ke2 h6 12. Nc4 Bd6 13. Be3 Bb8 14.
a4 Nb4 15. Rhc1 Na6 16. Nf2 Rhe8 17. Nd3 Nd7 18. b4 Re6 19. b5 Nc7 20. Rab1 cxb5 21. axb5 b6 22. Nd2 Kb7 23. c4 Ne8 24. Nb4 Rc8 25. Nc6 Bd6 26. Nb3 Nb8 27. Nxb8 Kxb8 28. c5 Bxc5 29. Bxc5 bxc5 30. Nxc5 Rd6 31. Na6+ Kb7 32.
Rxc8 Kxc8 33. Nb4 Kb7 34. Nc6 f6 35. Ra1 Nc7 36. Nxa7 Rb6 37. Ra5 Ne8 38. Nc6 Nc7 39. Ra7+ Kc8 40. Ra5 Nxb5 41. Na7+ Nxa7 42. Rxa7 Rb7 43.
Ra8+ Kd7 44. f4 Ke6 45. Kf3 exf4 46. gxf4 Rb3+ 47. Kg4 Rb7 48. f5+ Kf7 49. h4 Rc7 50.
Kf4 Rd7 51. Ke3 Rc7 52. h5 Rd7 53. Ra3 Rd1 54. Rd3 Rh1 55. Kd4 Rxh5 56. Ra3 Rh1 57. Ra7+ Kg8 58. Ke3 Re1+ 59. Kf4 Kh7 60. Ra4 h5 61. Ra2 Kh6 62. Ra8 Rf1+ 63. Ke3 Kh7 64. Ra2 Rh1 65. Kf4 Rg1 66. Rh2 Kh6 67.
Ra2 Rf1+ 68. Ke3 g6 69. fxg6 Kxg6 70. Rg2+ Kh6 71. Rg8 h4 72. Rg4 Kh5 73. Rg8 h3 74. Ke2 Rf4 75. Ke3 Rf1 76. Ke2 Ra1 77. Kf3 h2 78. Rh8+ Kg5 79. Rxh2 Ra3+ 80. Kg2 Ra2+ 81.
Kg3 Rxh2 82. Kxh2 Kf4 83. Kg1 Kxe4 84. Kg2 Ke3 85. Kg1 f5 86. Kg2 f4 87. Kg1 Ke2 0-1

[Event "*** Titled Tuesday 3|2 Blitz"]
[Site "Chess.com"]
[Date "2016.08.02"]
[Round "4"]
[White "macko06"]
[Black "maheswaran26"]
[Result "1-0"]
[WhiteElo "2111"]
[BlackElo "2028"]
[TimeControl "180+2"]
[EndTime "11:54:08 PDT"]
[Termination "macko06 won on time"]

1. d4 d6 2. Nf3 Nd7 3. e4 e5 4.
Nc3 Be7 5. Bc4 c6 6. a4 Ngf6 7. O-O O-O 8. h3 Qc7 9. Re1 b6 10. b3 Bb7 11. Bb2 a6 12. Bd3 b5 13. dxe5 dxe5 14.
Bf1 Rfd8 15. Qe2 Nc5 16. Nd2 Ne6 17. Nf3 Nd4 18. Nxd4 exd4 19. Na2 bxa4 20. bxa4 c5 21. f3 c4 22. Qxc4 Qg3 23. Qe2 Bc5 24. Kh1 Nh5 25.
Bc1 d3 26. cxd3 Qe5 27. f4 Ng3+ 28. Kh2 Qxa1 29. Kxg3 Qf6 30. Bb2 Bd4 31. Bxd4 Qxd4 32. Rc1 Rac8 33. Rxc8 Bxc8 34. Qd2 Qxe4 35. Qa5 Qd5 36. Qb6 h6 37. Nb4 Qd6 38. Nc6 Re8 39. d4 Bd7 40. d5 Qxd5 41. Ne5 Qe6 42. Qc7 Rc8 43. Qxd7 Rc3+ 44. Kh2 Qxd7 45. Nxd7 Ra3 46. Nb6 a5 47. Bb5 Kf8 48. Nc4 Ra1 49. Nxa5 Ke7 50.
Nc4 Kd8 51. Ne5 Ke7 52. Nc6+ Kd6 53. Ne5 f6 54. Nf3 Ra3 55. Kg3 g5 56. Kg4 Ra2 57.
g3 Rg2 58. Nd4 Ke7 59. Nf5+ Kf7 60. Nxh6+ Kg6 61. fxg5 fxg5 62. Nf5 Rd2 63. Ne7+ Kf6 64. Nc6 Rc2 65. h4 gxh4 66. gxh4 Rg2+ 67. Kf3 Rh2 68.
Kg3 Rh1 69. Nd4 Rd1 70. Nf3 Ra1 71. Kf4 1-0

[Event "*** Titled Tuesday 3|2 Blitz"]
[Site "Chess.com"]
[Date "2016.08.02"]
[Round "4"]
[White "Evgeny_Levin"]
[Black "CroatianPower"]
[Result "1-0"]
[WhiteElo "2652"]
[BlackElo "2424"]
[TimeControl "180+2"]
[EndTime "11:54:24 PDT"]
[Termination "Evgeny_Levin won by resignation"]

1. d4 Nf6 2. c4 e6 3. Nf3 d5 4.
Nc3 dxc4 5. e3 a6 6. Bxc4 b5 7. Be2 Bb7 8. O-O Nbd7 9. b3 c5 10. Bb2 Be7 11. dxc5 Nxc5 12. Nd4 O-O 13. Bf3 Qb8 14.
Nc6 Bxc6 15. Bxc6 Ra7 16. Qe2 b4 17. Na4 Nxa4 18. bxa4 Rc8 19. Rac1 Bd6 20. g3 a5 21.
Bf3 Rac7 22. Rxc7 Qxc7 23. Rc1 Qb8 24. Rxc8+ Qxc8 25. Qb5 Bc7 26. Bd4 Qd8 27. Kg2 Nd5 28.
Qc6 Nc3 29. a3 e5 30. Bxc3 bxc3 31. Qxc3 g6 32. Qc4 Kg7 33. Bd5 Qe7 34. h4 h5 35.
Qc6 Bd6 36. Qb5 Qc7 37. Qb3 f5 38. Qb5 Qd8 39. Qb7+ Bc7 40. Qc6 f4 41. Be4 Qd6 42.
Qc3 fxe3 43. Qxe3 Bb6 44. Qf3 Qf6 45. Qe2 Qd6 46. Bf3 Qd4 47. Qc2 Kh6 48. Be4 Qd6 49.
Qe2 Kg7 50. Qc2 Qf6 51. Qe2 Qd6 52. Bd3 Bd4 53. Qe4 Qf6 54. Qb7+ Kh6 55. f3 Qg7 56. Qc6 Qf7 57. Kh3 Kg7 58. Be4 Qf6 59. Qd7+ Qf7 60. Qc6 Qf6 61. Qb7+ Kh6 62. Qc8 Kg7 63. Qd7+ Qf7 64.
Qd6 Qf6 65. Qc7+ Qf7 66. Qxa5 Qc4 67. Qe1 Bc3 68. Qc1 Qe6+ 69. g4 hxg4+ 70. fxg4 Qb3 71.
Qe3 Qxa3 72. h5 gxh5 73. gxh5 Bb4 74. Bd3 Bd6 75. Qg3+ Kf8 76. Qf3+ Ke7 77. Qb7+ Kf6 78. Qe4 Ke7 79. Kg4 Qc1 80. Qh7+ Kd8 81. Qg8+ Kc7 82. Qc4+ Qxc4+ 83. Bxc4 Kd8 84. Kg5 Ke7 85. Kg6 e4 86. h6 Be5 87. a5 Bd4 88. a6 Kd6 89. h7 Kc7 90. Kf7 Kb6 91. Kg8 e3 92. Be2 Ka7 93.
h8=Q Bxh8 94. Kxh8 1-0